 Dungeon Crawl Stone Soup version 0.30-a0-457-g4b7bca3bfa (webtiles) character file.

Game seed: 4573621290404698518

39 Iich the Trooper (level 3, 0/33 HPs)
             Began as a Hill Orc Fighter on Dec 13, 2022.
             Slain by a gnoll
             ... wielding a +0 spear
              (4 damage)
             ... on level 3 of the Dungeon.
             The game lasted 00:00:37 (258 turns).

Iich the Trooper (Hill Orc Fighter)                  Turns: 258, Time: 00:00:38

Health: 0/33       AC:  6    Str: 20    XL:     3   Next: 45%
Magic:  12/12      EV:  9    Int:  8    God:
Gold:   34         SH:  4    Dex: 10    Spells: 2/2 levels left

rFire   . . .      SeeInvis .    a - +0 war axe
rCold   . . .      Faith    .    c - +0 buckler
rNeg    . . .      Spirit   .    b - +0 scale mail
rPois   .          Reflect  .    (no helmet)
rElec   .          Harm     .    (no cloak)
rCorr   .          Rampage  .    (no gloves)
Will    .....                    (no boots)
Stlth   ..........               (no amulet)
HPRegen 0.25/turn                f - ring of magical power
MPRegen 0.13/turn                (no ring)

@: no status effects
A: no striking features
a: no special abilities


You were on level 3 of the Dungeon.
You visited 1 branch of the dungeon, and saw 3 of its levels.

You collected 34 gold pieces.

Inventory:

Hand Weapons
 a - a +0 war axe (weapon)
Armour
 b - a +0 scale mail (worn)
 c - a +0 buckler (worn)
Jewellery
 f - a ring of magical power (left hand)
Potions
 d - a potion of might
 e - a potion of lignification {unknown}


   Skills:
 + Level 4.1 Fighting
 * Level 3.4 Axes
 + Level 3.5 Armour
 + Level 0.1 Stealth
 + Level 3.8 Shields


You had 2 spell levels left.
You didn't know any spells.
Your spell library was empty.

Dungeon Overview and Level Annotations

Branches:
Dungeon (3/15)

Altars:

Shops:
D:3 [


Message History

You kill the gnoll!
The gnoll hits you from afar with a +0 spear.
Your Fighting skill increases to level 4!
You barely miss the gnoll. You block the gnoll's attack. x2
The gnoll hits you with a +0 club.
The gnoll hits you from afar with a +0 spear.
You are too injured to fight recklessly!
You are too injured to fight recklessly!
You are too injured to fight recklessly!
You slash the gnoll!
You kill the gnoll!
The gnoll closely misses you. x2
You have reached level 3!
Your experience leads to an increase in your attributes!
Increase (S)trength, (I)ntelligence, or (D)exterity?
You feel stronger. x2
You hit the gnoll.
The gnoll is moderately wounded.
The gnoll closely misses you. The gnoll barely misses you.
The gnoll misses you.
The gnoll hits you from afar with a +0 spear.
You slash the gnoll!
You kill the gnoll!
The gnoll hits you from afar with a +0 spear.
* * * LOW HITPOINT WARNING * * *
The gnoll closely misses you.
Things that are here:
a +0 flail; a +0 club; a +0 spear The gnoll hits you with a +0 spear.
* * * LOW HITPOINT WARNING * * *
You hit the gnoll.
The gnoll is moderately wounded.
The gnoll hits you but does no damage.
You barely miss the gnoll.
The gnoll is moderately wounded.
You block the gnoll's attack. The gnoll closely misses you.
You barely miss the gnoll.
The gnoll is moderately wounded.
The gnoll hits you with a +0 spear.
You die...

#.# #.# #.#
###.#
###...#
###..##.#
#####
###..####.#
......#g)###
#.#
.⌠8⌠..'@##
#.#
......#..#
#.# #####
###.. #.#
##.. #.. #..
#


You could see a gnoll.

Vanquished Creatures
  3 gnolls (D:3)
  A ball python (D:2)
  A bat (D:3)
  An endoplasm (D:2)
  A goblin (D:3)
  2 jackals (D:2)
  A kobold (D:1)
10 creatures vanquished.

Notes
Turn   | Place    | Note
-------+----------+-------------------------------------------
     0 | D:1      | Iich the Hill Orc Fighter began the quest for the Orb.
     0 | D:1      | Reached XP level 1. HP: 19/19 MP: 1/1
   100 | D:3      | Found Raahylaq's Antique Armour Shop.
   121 | D:3      | Reached XP level 2. HP: 26/27 MP: 2/2
   250 | D:3      | Reached skill level 4 in Fighting
   252 | D:3      | Reached XP level 3. HP: 14/33 MP: 3/3
   258 | D:3      | Slain by a gnoll

Illustrated notes

Levels and vault maps discovered:
D:1:      moated_graveyard_arrival, layout_basic
D:2:      layout_loops_ring, uniq_natasha
D:3:      layout_loops_ring, serial_shops, shop, serial_park_tiny_pond,
          grunt_decor_clamped, kennysheep_generic_room_8

Skill      XL: |  1  2 |
---------------+-------+-----
Axes           | 3 |  3.4
Fighting       | 4 |  4.1
Armour         | |  3.5
Stealth        | |  0.1
Shields        | |  3.8

Action                   || total
-------------------------++-------
Melee: War axe           ||    26
Armor: Scale mail        ||     9
Dodge: Dodged            ||    17
Block: Buckler           ||     8

Table legend: (Time is in decaauts)
 A = Elapsed time spent in this place.
 B = Non-inter-level travel time spent in this place.
 C = Inter-level travel time spent in this place.
 D = Time resting spent in this place.
 E = Time spent auto-exploring this place.
 F = Levels seen in this place.
 G = Mean time per level.
                   A        B        C        D        E       F      G
               +--------+--------+--------+--------+--------+-----+--------+
         Total |    267 |    267 |      0 |      0 |    169 |   3 |   89.0 |
       Dungeon |    267 |    267 |      0 |      0 |    169 |   3 |   89.0 |
               +--------+--------+--------+--------+--------+-----+--------+

Top non-repeatable levels by time:
     D:3: 172 daAuts
     D:1: 48 daAuts
     D:2: 46 daAuts
